 Dungeon Crawl Stone Soup version 0.26.1-2-gb8aa6d0cf2 (webtiles) character file.

Game seed: 7596524760539505428

26 Fastman69 the Skirmisher (level 2, 0/27 HPs)
             Began as a Minotaur Fighter on Feb 21, 2021.
             Slain by a gnoll (6 damage)
             ... on level 2 of the Dungeon.
             The game lasted 00:02:29 (538 turns).

Fastman69 the Skirmisher (Minotaur Fighter)          Turns: 538, Time: 00:02:29

Health: 0/27       AC:  7    Str: 20    XL:     2   Next: 89%
Magic:  1/1        EV:  7    Int:  5    God:
Gold:   84         SH:  9    Dex:  9    Spells: 1/1 levels left

rFire    . . .     SeeInvis .   j - +0 hand axe (flame)
rCold    . . .     Faith    .   c - +0 kite shield
rNeg     . . .     Spirit   .   b - +0 scale mail
rPois    .         Reflect  .   (helmet restricted)
rElec    .         Harm     .   (no cloak)
rCorr    .         Rampage  .   (no gloves)
Will     .....                  (no boots)
Stlth    ..........             (no amulet)
HPRegen  0.09/turn              (no ring)
MPRegen  0.07/turn              (no ring)

@: no status effects
A: retaliatory headbutt, horns 2
a: no special abilities


You were on level 2 of the Dungeon.
You visited 1 branch of the dungeon, and saw 2 of its levels.

You collected 84 gold pieces.

Inventory:

Hand Weapons
 a - a +0 war axe
 j - a +0 hand axe of flaming (weapon)
Armour
 b - a +0 scale mail (worn)
 c - a +0 kite shield (worn)
Jewellery
 h - a +6 ring of dexterity {unknown}
Scrolls
 e - 3 scrolls of teleportation {unknown}
 f - a scroll of identify {unknown}
 k - a scroll of remove curse {unknown}
Potions
 d - 3 potions of might
 g - a potion of ambrosia {unknown}
 i - 2 potions of magic {unknown}


   Skills:
 * Level 4.1 Fighting
 * Level 3.0 Axes
 + Level 3.9 Armour
 + Level 0.6 Dodging
 + Level 3.9 Shields


You had one spell level left.
You didn't know any spells.
Your spell library was empty.

Dungeon Overview and Level Annotations

Branches:
Dungeon (2/15)

Altars:


Innate Abilities, Weirdness & Mutations

You reflexively headbutt those who attack you in melee.
You have a pair of horns on your head.


Message History

A gnoll comes into view. It is wielding a +0 club.
The gnoll throws a throwing net.
The throwing net barely misses you.
Found a scroll labelled PUZ VESSIRR.
A kobold comes into view.
You barely miss the gnoll.
The kobold shouts!
You hit the gnoll but do no damage.
The kobold throws a stone.
The stone hits you but does no damage. The gnoll closely misses you.
You block the gnoll's attack.
The gnoll hits you from afar with a +0 halberd.
The gnoll completely misses you.
An orc comes into view. It is wielding a +0 war axe.
The orc shouts!
The gnoll hits you but does no damage. The gnoll barely misses you.
The gnoll hits you from afar with a +0 halberd!
* * * LOW HITPOINT WARNING * * *
You block the gnoll's attack. The gnoll barely misses you. The gnoll hits you.
You die...

#......#.# ####.###.# ...#
#.# ###.###)#
##.....#######
#............# #
#............#.# .
########............#.# ..
#...............@.g.#.##...
#............(...gg.o......
#.................g....#...
#......................#
#...................K..#
#...........######.....#
#...........# #.......?
#...........# #.....#..K
#...........# #.....#...


You could see 4 gnolls, an orc and a kobold.

Vanquished Creatures
  A worm (D:2)
  2 dart slugs (D:1)
  3 giant cockroaches (D:1)
  2 goblins
  2 hobgoblins (D:1)
  2 jackals (D:2)
  A bat (D:1)
  2 kobolds (D:1)
  3 rats (D:1)
18 creatures vanquished.

Notes
Turn   | Place    | Note
-------+----------+-------------------------------------------
     0 | D:1      | Fastman69 the Minotaur Fighter began the quest for the Orb.
     0 | D:1      | Reached XP level 1. HP: 19/19 MP: 0/0
   112 | D:1      | Reached XP level 2. HP: 27/27 MP: 1/1
   246 | D:1      | Reached skill level 4 in Fighting
   538 | D:2      | Slain by a gnoll

Illustrated notes

Levels and vault maps discovered:
D:1:      sevenhm_arrival_forest_fort_small_3, layout_loops_ring,
          minmay_pentomino_t4
D:2:      layout_basic, kennysheep_okawaru_gauntlet,
          chequers_ecumenical_altar_simple

Skill      XL: |  1  2 |
---------------+-------+-----
Fighting       | 4 |  4.1
Axes           | 3 |  3.0
Armour         | |  3.9
Dodging        | |  0.6
Shields        | |  3.9

Action                   || total
-------------------------++-------
Melee: War axe           ||    28
       Headbutt          ||     6
       Hand axe          ||    16
Armor: Scale mail        ||    27
Dodge: Dodged            ||    17
Block: Kite shield       ||    27
